 Dungeon Crawl Stone Soup version 0.31-a0-233-g139696dc86 (webtiles) character file.

Game seed: 12812471976572533777

38 qw the Shooter (level 3, -3/29 HPs)
             Began as a Minotaur Hexslinger on July 7, 2023.
             Killed by nerve-wracking pain
             ... invoked by Jessica
              (13 damage)
             ... on level 2 of the Dungeon.
             The game lasted 00:00:26 (1011 turns).

qw the Shooter (Minotaur Hexslinger)                Turns: 1011, Time: 00:00:26

Health: -3/29      AC:  2    Str: 12    XL:     3   Next: 25%
Magic:  3/3        EV: 12    Int: 10    God:
Gold:   14         SH:  0    Dex: 14    Spells: 3/4 levels left

rFire   . . .        Y - +1 sling
rCold   . . .        (no shield)
rNeg    . . .        c - +0 robe
rPois   .            (helmet restricted)
rElec   .            (no cloak)
rCorr   +            (no gloves)
SInv    .            (no boots)
Will    .....        (no amulet)
Stlth   +            g - ring of resist corrosion
HPRegen 0.24/turn    (no ring)
MPRegen 0.08/turn

%: no passive effects
@: no status effects
A: horns 2, retaliatory headbutt
a: no special abilities


You were on level 2 of the Dungeon.
You visited 1 branch of the dungeon, and saw 2 of its levels.

You collected 34 gold pieces.
You spent 20 gold pieces at shops.


Innate Abilities, Weirdness & Mutations

You have a pair of horns on your head.
You reflexively headbutt those who attack you in melee.


   Skills:
 - Level 2.0 Fighting
 + Level 3.8 Ranged Weapons
 - Level 2.1 Dodging
 - Level 1.0 Spellcasting
 - Level 2.0 Hexes


You had 3 spell levels left.
You knew the following spells:

 Your Spells              Type           Power      Damage    Failure   Level
a - Slow                  Hex            16%        N/A       16%         1

Your spell library contained the following spells:

 Spells                   Type           Power      Damage    Failure   Level
 Inner Flame              Hex/Fire       2%         N/A       56%         3
 Portal Projectile        Hex/Tloc       4%         N/A       56%         3
 Cause Fear               Hex            2%         N/A       83%         4

Inventory:

Hand Weapons
 Y - a +1 sling (weapon)
Armour
 c - a +0 robe (worn)
Jewellery
 g - a ring of resist corrosion (left hand)
Scrolls
 d - a scroll of identify
Potions
 a - a potion of berserk rage {unknown}
 f - 2 potions of enlightenment
 i - a potion of curing

Dungeon Overview and Level Annotations

Branches:
Dungeon (2/15)

Altars:

Shops:
D:1 (*(?:

Annotations:
D:2 Jessica


Message History

You shoot a sling bullet. The sling bullet hits the goblin.
You kill the goblin!
f - 2 potions of enlightenment (gained 1)
Found a stone staircase leading up.
Found a stone staircase leading down.
Found a robe.
You see here a +0 robe.
Jessica the Apprentice Sorceress comes into view.
She is wielding a +0 dagger.
Jessica drinks a potion.
Jessica flickers and vanishes!
Deactivating autopickup; reactivate with Ctrl-A.
Enter note:
Enter note: You shoot a sling bullet.
You shoot a sling bullet.
You hear some strange, mumbled words.
You shoot a sling bullet. Something hits you.
You shoot a sling bullet. Something hits you.
You shoot a sling bullet. Something hits you.
You shoot a sling bullet. Something hits you but does no damage.
You shoot a sling bullet. Something hits you but does no damage.
Something hits you.
You shoot a sling bullet.
You hear some strange, mumbled words.
You shoot a sling bullet. You shoot a sling bullet. You shoot a sling bullet.
You hear some strange, mumbled words.
You shoot a sling bullet. Something hits you! Something hits you.
You shoot a sling bullet. Something hits you.
You shoot a sling bullet. Something hits you.
You hear some strange, mumbled words.
Pain shoots through your body!
You die...

#......#.######..
#.######...# #####
#.# #.#.# ....# #.#
###.#.# ....#####[#
#...#.# ....##....#
###.#.# ######.####
# #.#.#
######.###...# #.#.#
..........># #@#.#
##########.#.......#
##########.####..###
......##.. ....
......##.. ##.##
......##.# #.
......##.# ##
......##.###.#
......%.%....#


There were no monsters in sight!

Vanquished Creatures
  A worm (D:2)
  A dart slug (D:1)
  6 bats
  2 giant cockroaches (D:1)
  3 hobgoblins (D:1)
  3 jackals (D:1)
  3 quokkas (D:1)
  A ball python (D:1)
  2 frilled lizards (D:2)
  6 goblins
  3 rats
31 creatures vanquished.

Notes
Turn   | Place    | Note
-------+----------+-------------------------------------------
     0 | D:1      | qw the Minotaur Hexslinger began the quest for the Orb.
     0 | D:1      | Reached XP level 1. HP: 16/16 MP: 1/1
     0 | D:1      | 0 ||| qw: Version: 0.3-a-46-gb1f654a
     0 | D:1      | 0 ||| qw: Game counter: 3249
     0 | D:1      | 0 ||| qw: Melee chars always use a shield: true
     0 | D:1      | 0 ||| qw: God list: Okawaru
     0 | D:1      | 0 ||| qw: Allow faded altars: false
     0 | D:1      | 0 ||| qw: Do Orc after clearing Dungeon:15 true
     0 | D:1      | 0 ||| qw: Do second Lair branch before Depths: true
     0 | D:1      | 0 ||| qw: Lair rune preference: random
     0 | D:1      | 0 ||| qw: Goals: Normal
     0 | D:1      | 0 ||| PLANNING D:1-11
    83 | D:1      | Found Goisib's General Store.
    87 | D:1      | 87 ||| SHOPLISTING +0 ring mail (56 gold, have 0).
    87 | D:1      | 87 ||| SHOPLISTING potion of mutation (112 gold, have 0).
    87 | D:1      | 87 ||| SHOPLISTING ring of see invisible (210 gold, have
                  | 0).
    87 | D:1      | 87 ||| SHOPLISTING scroll of identify (28 gold, have 0).
    87 | D:1      | 87 ||| SHOPLISTING scroll of teleportation (42 gold, have
                  | 0).
   169 | D:1      | Found Moybbaut's Weapon Shop.
   177 | D:1      | 177 ||| FLEEEEING.
   191 | D:1      | Reached skill level 3 in Ranged Weapons
   191 | D:1      | Reached XP level 2. HP: 23/23 MP: 2/2
   202 | D:1      | 202 ||| SHOPLISTING +1 sling of freezing (126 gold, have
                  | 0).
   368 | D:1      | Found Fipamp's Antique Weapon Boutique.
   420 | D:1      | 420 ||| SHOPLISTING glowing orcbow (182 gold, have 34).
   420 | D:1      | 420 ||| SHOPLISTING glowing sling (126 gold, have 34).
   425 | D:1      | Found Tuxah's Book Shoppe.
   427 | D:1      | Found Daleask's Magic Scroll Emporium.
   445 | D:1      | HP: 6/24 [jackal (1)]
   526 | D:1      | 526 ||| SHOPLISTING scroll of acquirement (520 gold, have
                  | 34).
   526 | D:1      | 526 ||| SHOPLISTING scroll of enchant armour (75 gold, have
                  | 34).
   526 | D:1      | 526 ||| SHOPLISTING scroll of enchant weapon (75 gold, have
                  | 34).
   526 | D:1      | 526 ||| BUYING scroll of identify (20 gold).
   526 | D:1      | Bought a scroll of identify for 20 gold pieces
   526 | D:1      | 526 ||| SHOPLISTING scroll of identify (20 gold, have 14).
   575 | D:1      | Reached XP level 3. HP: 29/29 MP: 3/3
   764 | D:1      | 764 ||| UPGRADING to ring of resist corrosion.
   765 | D:1      | 765 ||| READING 2 scrolls labelled GANOBB WEKO.
   766 | D:1      | 766 ||| READING 2 scrolls labelled ANUOTA TAURYKK.
   767 | D:1      | 767 ||| DRINKING 2 golden potions.
   768 | D:1      | 768 ||| READING 2 scrolls of identify.
   768 | D:1      | 768 ||| IDENTIFYING lumpy brown potion
   769 | D:1      | 769 ||| DROPPING scroll of amnesia.
   770 | D:1      | 770 ||| DROPPING scroll of poison.
   771 | D:1      | 771 ||| DROPPING scroll of vulnerability.
   997 | D:2      | Noticed Jessica
  1011 | D:2      | Killed from afar by Jessica

Levels and vault maps discovered:
D:1:      mrwooster_arrival_statue_2, layout_basic, serial_shops, shop, shop,
          nicolae_shop_hallway_plus, nicolae_shop_dealshenge, shop
D:2:      layout_basic, basic_altar, nicolae_wormholes, uniq_jessica

Skill      XL: |  1  2 |
---------------+-------+-----
Ranged Weapons | 3 |  3.8
Fighting       | 2 |  2.0
Dodging        | |  2.1
Spellcasting   | |  1.0
Hexes          | |  2.0

Action                     || total
---------------------------++-------
   Fire: Sling             ||   103
    Use: Scroll            ||     3
         Potion            ||     1
 Armour: Robe              ||    19
  Dodge: Dodged            ||    40

Table legend:
 A = Non-vault XP
 B = Vault XP
 C = Vault XP percentage of total XP
 D = Non-vault monster count
 E = Vault monster count
 F = Vault count percentage of total count
                 A         B        C        D         E       F
            +---------+---------+-------+---------+---------+-------
      Total |      55 |       0 |   0.0 |      31 |       0 |   0.0
            +---------+---------+-------+---------+---------+-------
        D:1 |      43 |       0 |   0.0 |      24 |       0 |   0.0
        D:2 |      12 |       0 |   0.0 |       7 |       0 |   0.0
            +---------+---------+-------+---------+---------+-------
